 Dungeon Crawl Stone Soup version 0.22.1-2-g9c5b331383 (webtiles) character file.

1450 Ihlosi the Skirmisher (level 9, -5/56 HPs)
             Began as a Kobold Gladiator on Dec 13, 2018.
             Was a Follower of Kikubaaqudgha.
             Killed by divine providence
             ... invoked by an orc priest
              (13 damage)
             ... on level 6 of the Dungeon.
             The game lasted 00:15:02 (6488 turns).

Ihlosi the Skirmisher (Kobold Gladiator)            Turns: 6488, Time: 00:15:03

Health: -5/56      AC:  7    Str: 17    XL:     9   Next: 4%
Magic:  12/12      EV: 18    Int:  9    God:    Kikubaaqudgha [*.....]
Gold:   444        SH:  0    Dex: 17    Spells: 2/8 levels left

rFire    . . .     SeeInvis +   a - +1 rapier
rCold    . . .     Gourm    .   (shield restricted)
rNeg     . . .     Faith    .   s - +2 leather armour "Haruta" {SInv}
rPois    .         Spirit   .   c - +0 helmet
rElec    .         Reflect  .   t - +0 cloak
rCorr    .         Harm     .   (no gloves)
MR       +....                  (no boots)
Stlth    +++.......             i - amulet of the acrobat
HPRegen  0.18/turn              y - ring of protection from magic
MPRegen  0.13/turn              v - +3 ring of strength

@: no status effects
A: small, carnivore
a: Receive Corpses, Renounce Religion


You were on level 6 of the Dungeon.
You worshipped Kikubaaqudgha.
Kikubaaqudgha was aware of your devotion.
You were completely stuffed.

You visited 2 branches of the dungeon, and saw 7 of its levels.
You also visited: Ossuary.

You collected 444 gold pieces.

Inventory:

Hand Weapons
 a - a +1 rapier (weapon)
 l - a +2 whip of flaming
 r - a +0 short sword of holy wrath
Missiles
 d - 3 throwing nets (quivered)
 o - 63 bolts
Armour
 b - a +0 leather armour
 c - a +0 helmet (worn)
 s - the +2 leather armour "Haruta" (worn) {SInv}
   (You found it on level 6 of the Dungeon)

   It lets you see invisible.
 t - a +0 cloak (worn)
Jewellery
 h - an uncursed amulet of magic regeneration
 i - an amulet of the acrobat (around neck)
 n - an uncursed ring of protection from fire
 v - a +3 ring of strength (right hand)
 w - an uncursed ring of see invisible
 y - a ring of protection from magic (left hand)
Wands
 g - a wand of disintegration (11)
 m - a wand of flame (18)
Scrolls
 e - 2 scrolls of fog
 p - a scroll of blinking
 A - a scroll of noise
Potions
 j - a potion of brilliance {unknown}
 k - a potion of might
 z - a potion of resistance
Comestibles
 f - 8 rations


   Skills:
 * Level 6.4 Fighting
 - Level 6.0 Short Blades
 - Level 3.0 Throwing
 - Level 3.0 Armour
 - Level 6.0 Dodging
 - Level 6.0 Stealth
 * Level 4.3 Evocations


You had 2 spell levels left.
You knew the following spells:

 Your Spells              Type           Power        Failure   Level  Hunger
a - Pain                  Necr           #...         43%         1    ##.....
b - Corpse Rot            Necr           N/A          58%         2    ###....
c - Regeneration          Chrm/Necr      #.........   82%         3    ####...

Your spell library contained the following spells:

 Spells                   Type           Power        Failure   Level  Hunger
 Sublimation of Blood     Necr           #.........   58%         2    ###....


Dungeon Overview and Level Annotations

Branches:
Dungeon (6/15)             Temple (1/1) D:4

Altars:
Dithmenos
Elyvilon
Hepliaklqana
Kikubaaqudgha
Makhleb
Nemelex Xobeh
Okawaru
Qazlal
Sif Muna
Trog
Uskayaw
Vehumet
Wu Jian
Xom
Zin

Shops:
D:5 =


Innate Abilities, Weirdness & Mutations

You are small and have problems with some larger weapons.
You are carnivorous and can eat meat at any time.


Message History

The orc priest is almost dead.
The orc priest misses you.
You completely miss the orc priest.
The orc priest is almost dead.
You puncture the orc priest!
You kill the orc priest!
Kikubaaqudgha accepts your kill.
You hit the orc.
The orc is moderately wounded.
The orc hits you but does no damage.
The orc priest calls down the wrath of Beogh upon you.
Beogh smites you!
* * * LOW HITPOINT WARNING * * *
You barely miss the orc.
The orc is moderately wounded.
The orc hits you but does no damage.
The orc priest invokes the aid of Beogh against you.
Beogh smites you!
You die...
Kikubaaqudgha rasps: "You have failed me!
Welcome... death!"

.....<...##.#
.........##.######
>................#
#.###.##.##..###.# #.
#....##..# #.# #.
#.#..##..# #.# ...
#.#..##..# #.#
.o$.#.#..##..# #.#
........o....# #@#
..........o.####o#####
./.........ooo..o....#
..%..#.#.....#######.#
...#.#....##.# #.# $.
. ####.##.# #.# . .#
#.##.# #.# .# #.##.#
#.# #. #.##.# #.#


You could see an orc priest and an orc.

Vanquished Creatures
  Sigmund (D:5)
  A phantom (D:4)
  A sky beast (D:5)
  An ogre (D:5)
  2 centaurs
  A big kobold (D:4)
  A bullfrog (D:6)
  An elf zombie (Ossuary)
  A howler monkey (D:4)
  2 orc priests
  A gnoll shaman (D:4)
  A bullfrog zombie (D:5)
  2 orc wizards
  An iguana (D:5)
  4 worker ants
  A big kobold zombie (Ossuary)
  A hound skeleton (D:5)
  2 mummies (Ossuary)
  8 gnolls
  12 adders
  An ooze (D:3)
  An adder zombie (D:5)
  4 worms
  A dart slug (D:2)
  2 leopard geckos
  11 orcs
  3 bats
  3 giant cockroaches
  2 gnoll zombies (Ossuary)
  6 goblins
  9 hobgoblins
  5 jackals
  6 kobolds
  3 quokkas
  3 ball pythons
  2 frilled lizards
  A giant cockroach zombie (D:6)
  3 goblin zombies (Ossuary)
  2 hobgoblin zombies (Ossuary)
  5 orc zombies (Ossuary)
  A quokka skeleton (D:5)
  3 rats
122 creatures vanquished.

Vanquished Creatures (others)
  5 toadstools (D:1)
5 creatures vanquished.

Grand Total: 127 creatures vanquished

Notes
Turn   | Place    | Note
-------+----------+-------------------------------------------
     0 | D:1      | Ihlosi the Kobold Gladiator began the quest for the Orb.
     0 | D:1      | Reached XP level 1. HP: 12/12 MP: 1/1
   130 | D:1      | Reached XP level 2. HP: 17/17 MP: 2/2
   378 | D:1      | You fall through a shaft!
   391 | D:2      | Reached skill level 1 in Stealth
   435 | D:2      | Reached XP level 3. HP: 22/22 MP: 3/3
   826 | D:2      | Found a hide-covered altar of Uskayaw.
   877 | D:2      | Reached XP level 4. HP: 27/27 MP: 4/4
   918 | D:2      | Found an iron altar of Okawaru.
  1355 | D:3      | Reached skill level 1 in Armour
  1695 | D:3      | Reached XP level 5. HP: 30/31 MP: 5/5
  1705 | D:3      | Found an iron altar of Okawaru.
  1709 | D:3      | Found a deep blue altar of Sif Muna.
  2125 | D:3      | Found a glowing silver altar of Zin.
  2205 | D:4      | Noticed a big kobold
  2220 | D:4      | Killed a big kobold
  2220 | D:4      | Reached skill level 5 in Dodging
  2249 | D:4      | Reached XP level 6. HP: 14/37 MP: 6/6
  3136 | D:4      | Reached XP level 7. HP: 33/42 MP: 7/7
  3336 | D:4      | Reached skill level 5 in Short Blades
  3336 | D:4      | Reached skill level 1 in Evocations
  3684 | D:4      | Found a staircase to the Ecumenical Temple.
  3710 | Temple   | Entered the Ecumenical Temple
  3824 | Temple   | Became a worshipper of Kikubaaqudgha
  4713 | D:5      | Entered Level 5 of the Dungeon
  4869 | D:5      | Noticed Sigmund
  4879 | D:5      | Killed Sigmund
  4879 | D:5      | Reached XP level 8. HP: 9/48 MP: 9/9
  5474 | D:5      | Reached skill level 5 in Fighting
  5474 | D:5      | Reached skill level 5 in Stealth
  5478 | D:5      | Found Ecle's Jewellery Shop.
  5748 | D:5      | Found a bloodstained altar of Trog.
  5748 | D:5      | Found a shadowy altar of Dithmenos.
  5849 | D:6      | Got a translucent leather armour
  5860 | D:6      | Identified the +2 leather armour "Haruta" {SInv} (You found
                  | it on level 6 of the Dungeon)
  5913 | D:6      | Found a sand-covered staircase.
  5919 | Ossuary  | Entered an ossuary
  6033 | Ossuary  | Reached * piety under Kikubaaqudgha
  6033 | Ossuary  | Identified Kikubaaqudgha's Papyrus of Necromancy
                  | (Kikubaaqudgha gifted it to you in an ossuary)
  6033 | Ossuary  | Received a gift from Kikubaaqudgha
  6048 | Ossuary  | Learned a level 1 spell: Pain
  6051 | Ossuary  | Learned a level 2 spell: Corpse Rot
  6055 | Ossuary  | Learned a level 3 spell: Regeneration
  6449 | D:6      | Reached XP level 9. HP: 55/55 MP: 12/12
  6488 | D:6      | Killed from afar by an orc priest

Skill      XL: |  1  2  3  4  5  6  7  8 |
---------------+-------------------------+-----
Stealth        | 1 2 3 6 |  6.0
Dodging        | 4 5 6 |  6.0
Armour         | 1 2 3 |  3.0
Fighting       | 3 4 6 |  6.4
Throwing       | 3 |  3.0
Short Blades   | 6 |  6.0
Evocations     | 2 4 |  4.3

Action                   |  1- 3 |  4- 6 |  7- 9 || total
-------------------------+-------+-------+-------++-------
Melee: Rapier            |    22 |    38 |   193 ||   253
       Whip              |    48 |   156 |       ||   204
       Short sword       |       |       |    58 ||    58
Evoke: Wand              |       |       |     4 ||     4
  Use: Potion            |       |     4 |     2 ||     6
       Scroll            |       |     2 |     8 ||    10
 Stab: Sleeping          |     1 |     1 |    15 ||    17
  Eat: Chunk             |     7 |     6 |    13 ||    26
Armor: Leather armour    |    15 |    31 |    22 ||    68
Dodge: Dodged            |    51 |   230 |   178 ||   459
